Map: Emerald City LE

Players

CaptSchmidt

  • Race: Terran Terran
  • League: Diamond
  • Spawn Location: 11:00

VasperKnight

  • Race: Terran Terran
  • League: Diamond
  • Spawn Location: 11:00

OpuS

  • Race: Protoss Protoss
  • League: Diamond
  • Spawn Location: 5:00

Sketchaphone

  • Race: Zerg Zerg
  • League: Gold
  • Spawn Location: 5:00

VOD

Have the link to the VOD?

Description

Time

  • Played on: Jan. 20, 2019, 7:42 p.m.
  • Length: 16:05
Show
View Real Time Build Order
Export as new Build Order

CaptSchmidt Terran 

Build Orders:  

Get SALT Encoding   

  12  0:01  SCV  
  13  0:13  SCV  
  14  0:28  SCV  
  15  0:29  Supply Depot  
  15  0:50  SCV  
  15  0:52  Barracks  
  15  0:56  Barracks  
  16  1:02  SCV  
  17  1:14  SCV  
  18  1:27  SCV  
  18  1:30  Refinery  
  19  1:34  Supply Depot  
  19  1:40  Orbital Command  
  19  1:56  Command Center  
  19  2:01  Marine  
  19  2:02  Marine  
  21  2:08  Refinery  
  21  2:18  Refinery  
  21  2:19  Marine  
  21  2:20  Marine  
  23  2:25  SCV  
  24  2:37  Marine  
  24  2:38  Marine  
  26  2:47  SCV  
  27  2:59  Marine  
  27  3:00  Marine  
  29  3:10  Refinery  
  29  3:11  Orbital Command, SCV  
  30  3:16  Factory  
  30  3:18  Engineering Bay  
  30  3:20  Engineering Bay  
  30  3:22  Marine  
  30  3:23  SCV  
  32  3:33  Barracks Reactor  
  32  3:35  SCV  
  32  3:41  SCV  
  34  3:42  Barracks Tech Lab  
  34  3:54  SCV x2  
  36  3:58  Supply Depot  
  36  3:59  Factory Tech Lab  
  36  4:05  Starport  
  36  4:06  SCV x2  
  38  4:12  Stimpack  
  38  4:13  Marine x2  
  40  4:18  Terran Infantry Weapons Level 1  
  40  4:24  Refinery  
  40  4:26  SCV x2  
  40  4:28  Marine  
  43  4:31  Marine x2  
  43  4:38  Siege Tank  
  48  4:41  SCV x2  
  48  4:43  Starport Reactor  
  50  4:52  Terran Infantry Armor Level 1  
  50  4:53  SCV  
  50  4:55  SCV  
  50  4:57  Marauder  
  54  5:08  Supply Depot  
  54  5:10  Supply Depot  
  54  5:14  Supply Depot  
  54  5:27  Barracks  
  54  5:29  Barracks, Marine x2, SCV x2  
  54  5:31  Factory  
  58  5:38  Infernal Pre-Igniter  
  58  5:42  Medivac x2  
  62  5:45  SCV  
  62  5:49  SCV  
  65  5:57  SCV  
  65  5:58  Siege Tank  
  68  6:12  Medivac  
  68  6:13  Combat Shield  
  68  6:14  Medivac  
  72  6:21  Barracks Reactor, Barracks Tech Lab  
  72  6:25  Factory Reactor  
  72  6:37  Siege Tank  
  75  6:47  Medivac  
  75  6:48  Marine  
  75  6:49  Factory Reactor  
  78  6:55  Supply Depot  
  78  6:56  Supply Depot  
  78  6:58  Supply Depot  
  78  6:59  Supply Depot  
  78  7:10  Command Center  
  78  7:16  Marine x4, Siege Tank, SCV  
  78  7:17  SCV  
  78  7:20  Supply Depot  
  87  7:26  Supply Depot  
  88  7:30  SCV  
  88  7:31  Marine x2  
  88  7:34  Marine x3  
  93  7:48  Siege Tank  
  96  7:54  Liberator x2  
  96  7:56  Marauder, Marine x4  
  96  7:57  Marine  
  103  7:59  Hellion x2  
  113  8:16  Armory  
  113  8:17  Hi-Sec Auto Tracking  
  113  8:21  Neosteel Armor, Widow Mine x2  
  117  8:29  Orbital Command  
  117  8:42  Liberator  
  114  8:51  Siege Tank  
  114  8:53  Hellion x2  
  121  8:56  Marauder x2  
  121  8:57  Marine x4  
  132  9:13  Orbital Command  
  132  9:14  Terran Infantry Weapons Level 2, Marine  
  132  9:15  Marine x3  
  136  9:18  Marauder x2  
  140  9:32  Marine  
  141  9:39  Marine  
  141  9:40  Marine  
  141  9:41  Marine x2  
  134  10:04  SCV x2  
  136  10:09  Marauder x2, Marine  
  141  10:18  Marine x2, Supply Depot  
  141  10:19  Marine, Supply Depot, SCV x2  
  136  10:21  Supply Depot  
  136  10:22  Supply Depot  
  136  10:25  Supply Depot  
  136  10:26  Marine  
  123  10:30  Marauder  
  123  10:31  SCV x2  
  118  10:36  Marine x2  
  118  10:37  Siege Tank  
  118  10:38  Hellbat x2  
  127  10:42  Supply Depot  
  127  10:43  SCV  
  128  10:51  Refinery, Command Center  
  128  10:53  Refinery  
  132  10:57  Marauder x2, Marine x4  
  132  10:59  Hellbat, Terran Infantry Armor Level 2  
  132  11:02  Drilling Claws  
  132  11:03  Factory  
  138  11:05  Widow Mine, Factory  
  138  11:09  Siege Tank  
  138  11:10  Medivac x2  
  147  11:15  Marine x4  
  155  11:18  Marauder x2  
  155  11:23  Starport  
  155  11:32  Liberator  
  155  11:44  Siege Tank  
  155  11:45  Hellbat x2  
  155  11:46  Marauder x2, Marine x4  
  92  12:27  Marauder x2, Marine x4  
  92  12:29  Hellbat x2, Factory Tech Lab x2  
  104  12:34  Orbital Command  
  104  12:38  Missile Turret  
  104  12:40  SCV x2  
  106  12:45  Marine x2  
  106  12:48  Marauder  
  110  12:52  SCV x2  
  110  12:54  Marauder  
  104  13:04  SCV x2  
  98  13:09  Medivac x2  
  98  13:10  Marauder  
  104  13:16  SCV  
  106  13:27  Refinery, SCV x2  
  106  13:28  SCV  
  106  13:29  Refinery  
  108  13:36  Siege Tank  
  108  13:37  Hellbat, Thor  
  108  13:41  Thor  
  119  13:47  Factory  
  125  13:49  Factory  
  125  14:06  Terran Vehicle Weapons Level 1  
  125  14:08  Thor  
  131  14:12  Armory  
  131  14:20  Hellbat, Thor  
  131  14:22  Hellbat  
  141  14:43  Factory Tech Lab x2  
  141  14:44  Thor  
Show
View Real Time Build Order
Export as new Build Order

VasperKnight Terran 

Build Orders:  

Get SALT Encoding   

  12  0:01  SCV  
  13  0:13  SCV  
  14  0:27  SCV  
  15  0:34  Supply Depot  
  15  0:56  SCV  
  16  0:58  Barracks  
  16  1:04  Barracks  
  16  1:24  SCV  
  17  1:27  Refinery  
  17  1:37  SCV  
  17  1:39  Command Center  
  18  1:48  Marine, Supply Depot  
  19  1:56  Marine  
  20  2:02  Supply Depot  
  20  2:06  Marine  
  21  2:15  Supply Depot  
  21  2:17  Marine  
  22  2:24  Orbital Command  
  22  2:32  Marine  
  23  2:39  Marine  
  24  2:49  Marine  
  24  2:50  SCV  
  26  2:51  Refinery  
  26  2:57  Orbital Command  
  26  3:06  SCV  
  27  3:16  Marine, Factory  
  27  3:18  Marine, SCV  
  30  3:24  SCV  
  31  3:30  SCV  
  32  3:36  SCV  
  33  3:47  Barracks Reactor  
  33  3:53  SCV x2  
  33  3:54  Barracks Tech Lab  
  35  3:57  Supply Depot  
  35  4:02  Supply Depot  
  35  4:05  SCV x2  
  35  4:06  Widow Mine  
  39  4:14  Marauder  
  41  4:17  SCV x2  
  41  4:23  Refinery  
  43  4:25  Refinery  
  43  4:29  Starport, SCV x2  
  45  4:32  Marine x2  
  45  4:35  Marauder  
  45  4:37  Widow Mine  
  51  4:48  Stimpack, SCV x2  
  51  4:50  Marine x2  
  55  4:56  Marauder  
  57  5:03  Widow Mine  
  59  5:10  Marine x2  
  59  5:12  SCV x2  
  63  5:17  Medivac  
  63  5:18  Marauder  
  67  5:24  SCV x2  
  67  5:27  Supply Depot  
  69  5:28  Supply Depot  
  69  5:35  Command Center  
  69  5:41  Engineering Bay  
  69  5:42  SCV  
  70  5:50  Engineering Bay, SCV  
  70  5:54  SCV  
  70  6:03  SCV  
  65  6:06  Marine  
  65  6:07  Marauder, Marine  
  69  6:11  Factory Reactor  
  69  6:15  Factory, SCV x2  
  71  6:19  Terran Infantry Weapons Level 1  
  71  6:20  Terran Infantry Armor Level 1  
  71  6:21  Starport Reactor  
  71  6:25  Supply Depot  
  71  6:33  Marauder, Marine x2  
  71  6:35  SCV x2  
  77  6:43  Barracks  
  77  6:46  Barracks, Supply Depot  
  77  6:52  Widow Mine  
  77  6:53  Widow Mine  
  77  6:54  Marine x2  
  81  6:55  Marauder, Combat Shield  
  81  6:59  Medivac  
  87  7:01  Medivac  
  87  7:05  SCV x2  
  91  7:14  Marine x2, Widow Mine x2  
  97  7:26  Marauder  
  98  7:33  Starport  
  98  7:39  Command Center  
  98  7:40  Barracks Reactor, Barracks Tech Lab  
  98  7:46  Armory, Marine x2  
  98  7:48  Marauder  
  98  7:49  Widow Mine  
  104  7:53  Factory Tech Lab  
  104  7:56  Liberator  
  104  8:00  Marauder  
  106  8:06  Missile Turret  
  106  8:08  Marine x2  
  108  8:13  Missile Turret  
  108  8:14  Planetary Fortress  
  111  8:31  SCV x2  
  113  8:41  Drilling Claws  
  113  8:43  Terran Infantry Weapons Level 2, SCV  
  113  8:44  Terran Infantry Armor Level 2  
  113  8:46  Starport Reactor  
  113  8:48  Marauder, Marine  
  116  8:50  Marine x3  
  116  8:51  Marauder  
  116  8:55  Supply Depot  
  122  8:57  Supply Depot  
  122  9:06  Marine  
  123  9:19  Liberator x2  
  123  9:34  Medivac  
  123  9:35  Medivac  
  123  9:37  Marauder x2, Marine x4  
  141  9:51  Barracks  
  141  9:52  Barracks  
  141  9:55  Marine, SCV x3  
  141  9:58  Command Center  
  145  10:00  Terran Vehicle Weapons Level 1, Marine  
  145  10:01  Marauder x2, Marine x2  
  152  10:09  Medivac x2  
  156  10:22  Supply Depot  
  156  10:23  Supply Depot  
  156  10:27  Missile Turret  
  155  10:30  Siege Tank  
  155  10:31  Widow Mine x2  
  153  10:45  Marauder x2, Marine x3  
  153  10:46  Marine  
  153  10:48  Medivac, Viking  
  144  11:22  Planetary Fortress  
  144  11:24  Marauder x2, Marine x4  
  151  11:26  Barracks Reactor, Barracks Tech Lab  
  151  11:27  Orbital Command  
  151  11:28  Terran Infantry Weapons Level 3  
  150  11:42  Marine x2  
  150  11:45  Marauder, SCV x3  
  157  11:50  Marauder x2, Marine x2  
  163  11:56  Widow Mine  
  163  11:57  Widow Mine x2  
  163  11:58  Refinery  
  163  12:00  Marine  
  170  12:06  Marauder, Refinery  
  170  12:08  Refinery x2  
  172  12:12  Marauder  
  174  12:34  Liberator x2  
  162  12:47  Marauder  
  162  12:48  Marauder x2, Marine x6  
  162  12:50  Medivac x2  
  180  13:09  Marauder x3  
  186  13:19  Marine x4  
  169  13:20  Marine x2  
  168  13:30  Marauder x2, Liberator  
  168  13:31  Marauder, Liberator  
  167  13:35  Widow Mine x3  
  167  13:37  Marine x3  
  171  13:45  Marine x3  
  171  13:46  Medivac  
  171  13:48  Medivac  
  184  13:52  Marauder  
  184  13:53  Supply Depot  
  184  13:55  Marine  
  187  14:14  Marine x4  
  187  14:15  Marauder, Widow Mine  
  187  14:16  Marine  
  194  14:30  Supply Depot  
  194  14:38  Supply Depot  
  194  14:52  Marauder, Widow Mine x2  
  200  14:54  Widow Mine  
  200  14:55  Marauder  
  170  15:13  Marauder, Widow Mine x2  
  170  15:14  Marauder, Marine x6  
  166  15:16  Marauder, Widow Mine  
  176  15:35  Marauder x2  
  180  15:38  Marauder  
Show
View Real Time Build Order
Export as new Build Order

OpuS Protoss 

Build Orders: Mass Adepts, Colossus Rush 

Get SALT Encoding   

  12  0:01  Probe  
  13  0:13  Probe  
  14  0:20  Pylon  
  14  0:25  Probe  
  15  0:38  Probe  
  15  0:42  Gateway  
  16  0:50  Probe  
  16  0:55  Assimilator  
  17  1:02  Probe  
  18  1:11  Probe  
  19  1:19  Probe  
  20  1:29  Probe  
  20  1:31  Cybernetics Core  
  21  1:35  Pylon  
  21  1:41  Probe  
  21  1:42  Assimilator  
  22  1:53  Probe  
  23  2:11  Robotics Facility  
  23  2:19  Probe  
  23  2:20  Nexus  
  23  2:21  Warp Gate  
  23  2:31  Probe  
  23  2:34  Adept  
  23  2:35  Pylon  
  26  3:00  Observer  
  26  3:03  Gateway  
  26  3:04  Gateway  
  27  3:09  Gateway  
  27  3:15  Adept  
  27  3:16  Probe  
  30  3:31  Observer  
  31  3:36  Robotics Bay  
  31  3:38  Probe x2  
  33  3:45  Pylon  
  33  4:04  Probe x2  
  33  4:09  Pylon  
  35  4:13  Pylon, Adept x2  
  35  4:16  Probe  
  40  4:19  Adept  
  40  4:23  Adept  
  44  4:26  Probe  
  44  4:29  Probe  
  46  4:38  Probe  
  47  4:41  Probe, Extended Thermal Lance  
  48  4:49  Observer  
  49  4:57  Adept  
  49  4:58  Adept x3  
  49  4:59  Probe  
  58  5:02  Probe  
  58  5:03  Colossus  
  65  5:22  Probe  
  65  5:23  Probe  
  67  5:32  Assimilator  
  67  5:35  Probe x2  
  69  5:36  Assimilator  
  69  5:40  Pylon  
  69  5:47  Probe x2  
  67  6:07  Colossus  
  67  6:14  Probe x2  
  69  6:23  Forge  
  69  6:25  Nexus  
  69  6:26  Forge  
  69  6:48  Robotics Facility  
  69  6:50  Pylon  
  69  6:55  Probe x2  
  69  6:56  Observer  
  69  6:59  Adept x4  
  79  7:04  Twilight Council  
  79  7:07  Probe  
  81  7:12  Assimilator  
  81  7:13  Observer  
  78  7:23  Colossus  
  78  7:31  Adept x3, Resonating Glaives  
  78  7:32  Adept  
  92  7:48  Protoss Ground Weapons Level 1  
  92  7:49  Protoss Ground Armor Level 1  
  92  7:56  Nexus  
  92  7:59  Pylon  
  92  8:01  Pylon  
  92  8:14  Adept  
  92  8:17  Colossus  
  92  8:19  Pylon  
  100  8:21  Pylon  
  100  8:24  Pylon  
  100  8:25  Pylon  
  99  8:54  Colossus  
  105  9:02  Gateway  
  105  9:04  Gateway  
  105  9:05  Adept x2, Gateway  
  105  9:06  Adept  
  105  9:08  Adept, Gateway  
  113  9:10  Colossus  
  119  9:19  Charge  
  119  9:31  Adept x4  
  123  9:38  Probe x2  
  129  9:41  Assimilator  
  125  9:50  Probe x2  
  125  9:58  Adept x4  
  125  9:59  Adept  
  133  10:02  Probe  
  134  10:18  Protoss Ground Weapons Level 2, Protoss Ground Armor Level 2  
  128  10:29  Colossus x2  
  104  10:40  Probe  
  104  10:41  Probe  
  106  10:51  Assimilator  
  106  10:53  Probe  
  93  11:19  Probe x2  
  93  11:23  Colossus x2  
  107  11:31  Probe x2  
  109  11:39  Zealot x5  
  119  11:43  Probe x2  
  121  11:50  Zealot  
  121  11:51  Zealot x2  
  127  11:55  Probe x2  
  129  12:07  Probe x2  
  121  12:17  Colossus x2  
  103  12:40  Zealot x3  
  103  12:42  Zealot  
  111  13:01  Zealot  
  111  13:02  Zealot x4  
  111  13:03  Zealot  
  111  13:04  Zealot  
  125  13:10  Colossus x2  
  127  13:21  Probe x2  
  123  13:33  Probe x2  
  125  13:43  Zealot x4  
  125  13:45  Probe  
  134  13:56  Colossus x2  
  134  14:06  Templar Archives  
  134  14:09  Nexus  
  146  14:47  Colossus  
  152  14:55  Colossus  
  110  15:23  Stalker x4  
  110  15:24  Stalker x4  
  122  15:36  Probe x2  
  122  15:37  Probe x2  
Show
View Real Time Build Order
Export as new Build Order

Sketchaphone Zerg 

Build Orders: Hatch First 

Get SALT Encoding   

  12  0:01  Drone  
  13  0:12  Overlord  
  13  0:21  Drone  
  14  0:25  Drone, Extractor  
  15  0:31  Drone  
  16  0:38  Drone  
  17  0:56  Hatchery  
  16  1:00  Drone  
  16  1:03  Drone, Extractor  
  17  1:11  Drone  
  18  1:23  Spawning Pool  
  17  1:31  Drone  
  19  1:32  Drone  
  19  1:39  Drone  
  21  1:54  Drone  
  21  2:01  Overlord  
  21  2:09  Queen  
  21  2:11  Metabolic Boost  
  21  2:14  Overlord, Drone  
  24  2:19  Zergling x2  
  24  2:22  Queen  
  27  2:36  Overlord  
  27  2:39  Zergling x4  
  27  2:42  Drone  
  30  2:58  Drone  
  30  3:01  Queen  
  30  3:02  Drone  
  30  3:03  Overlord  
  30  3:04  Overlord  
  34  3:06  Drone  
  35  3:21  Overlord, Roach Warren  
  35  3:22  Drone  
  35  3:45  Drone  
  35  3:47  Zergling x2  
  37  3:51  Drone x3  
  40  4:00  Evolution Chamber  
  40  4:01  Roach, Hatchery  
  40  4:03  Roach  
  40  4:07  Drone  
  40  4:08  Drone  
  44  4:10  Drone  
  44  4:12  Drone  
  46  4:19  Drone  
  46  4:20  Drone x2  
  49  4:28  Drone x2  
  49  4:30  Drone  
  52  4:32  Drone  
  52  4:41  Zerg Ground Armor Level 1  
  52  4:49  Overlord x2  
  52  4:52  Overlord  
  52  4:53  Roach  
  52  4:54  Roach x2  
  52  4:55  Roach  
  60  5:03  Drone  
  61  5:12  Roach  
  63  5:19  Roach  
  63  5:20  Roach x2, Extractor  
  63  5:21  Zergling x4  
  70  5:23  Queen  
  72  5:34  Overlord  
  72  5:42  Extractor  
  71  5:44  Roach x3  
  65  6:15  Lair  
  65  6:16  Drone  
  65  6:17  Drone x2  
  65  6:18  Overlord, Evolution Chamber  
  68  6:19  Zergling x2  
  68  6:20  Overlord  
  68  6:21  Zergling x6  
  68  6:25  Drone  
  72  6:32  Drone  
  73  6:45  Baneling Nest, Zerg Missile Weapons Level 1  
  72  6:51  Overlord x2  
  72  6:53  Extractor  
  71  6:55  Evolution Chamber  
  71  6:56  Burrow  
  71  6:57  Pneumatized Carapace  
  71  6:58  Hatchery  
  69  7:23  Roach  
  69  7:24  Roach x4  
  69  7:26  Glial Reconstitution  
  69  7:28  Hydralisk Den  
  69  7:29  Overlord, Drone x3  
  82  7:30  Overlord, Drone  
  79  7:47  Extractor x2  
  72  8:14  Lair  
  72  8:16  Hydralisk x4  
  72  8:18  Roach x2  
  84  8:25  Overlord x2  
  84  8:27  Roach x5  
  88  8:30  Queen  
  88  8:31  Drone  
  97  8:43  Grooved Spines  
  93  8:56  Drone x3  
  96  9:15  Hatchery  
  95  9:17  Hydralisk x3  
  95  9:19  Roach x2  
  95  9:23  Infestation Pit  
  104  9:26  Hydralisk x2  
  104  9:27  Roach  
  110  9:40  Hydralisk x3  
  116  9:46  Hydralisk  
  118  9:57  Zerg Missile Weapons Level 2  
  118  10:03  Muscular Augments  
  118  10:10  Hydralisk  
  118  10:11  Roach x2  
  118  10:12  Overlord  
  118  10:13  Drone  
  125  10:15  Drone  
  106  10:34  Drone x2  
  106  10:35  Overlord, Drone x2  
  100  10:37  Infestor x2  
  104  10:57  Hydralisk x2  
  108  11:08  Drone x3  
  108  11:10  Overlord  
  111  11:11  Hydralisk x2  
  111  11:12  Hydralisk  
  111  11:13  Roach x2  
  111  11:16  Drone x2  
  123  11:27  Roach x2  
  123  11:28  Roach x2  
  123  11:30  Roach x2  
  133  11:43  Roach x4, Hydralisk  
  133  11:46  Roach  
  145  11:50  Zerg Ground Armor Level 2  
  145  11:56  Drone x3  
  136  12:25  Infestor  
  136  12:26  Infestor  
  137  12:34  Infestor x2  
  131  12:40  Hydralisk x2  
  135  12:45  Roach  
  135  12:46  Roach x4  
  135  12:47  Zergling x18  
  89  13:31  Roach x7  
  89  13:32  Roach x5  
  108  13:43  Drone  
  108  13:44  Overlord  
  109  13:55  Drone x2  
  111  14:11  Hatchery  
  94  14:26  Infestor x2  
  94  14:30  Roach x2  
  94  14:31  Roach x4, Zergling x6  
  110  14:32  Zergling x4  
  110  14:35  Overlord  
  115  14:50  Overlord x2  
  111  15:03  Hatchery  
  98  15:16  Zergling x8  
  98  15:17  Zergling x12  
Tags
 
Add a new tag
Caveats
  • Supply blocks, unpowered buildings, or Contaminate may cause inaccurate times.
  • Supply counts are checked every 10 seconds.